 Dungeon Crawl Stone Soup version 0.28-a0-1447-ga5a8893891 (webtiles) character file.

Game seed: 10975877123391042942

53 YayAnonymity the Vandal (level 3, -1/30 HPs)
             Began as a Minotaur Hunter on Jan 11, 2022.
             Slain by a gnoll (4 damage)
             ... on level 2 of the Dungeon.
             The game lasted 00:03:10 (1739 turns).

YayAnonymity the Vandal (Minotaur Hunter)           Turns: 1739, Time: 00:03:10

Health: -1/30      AC:  6    Str: 18    XL:     3   Next: 64%
Magic:  2/2        EV: 11    Int:  8    God:
Gold:   54         SH:  0    Dex: 10    Spells: 2/2 levels left

rFire   . . .      SeeInvis .   b - +0 short sword
rCold   . . .      Faith    .   (no shield)
rNeg    . . .      Spirit   .   k - +0 ring mail
rPois   .          Reflect  .   (helmet restricted)
rElec   .          Harm     .   (no cloak)
rCorr   .          Rampage  .   l - +0 pair of gloves
Will    .....                   (no boots)
Stlth   +.........              (no amulet)
HPRegen 0.10/turn               (no ring)
MPRegen 0.08/turn               (no ring)

@: no status effects
A: horns 2, retaliatory headbutt
a: no special abilities


You were on level 2 of the Dungeon.
You visited 1 branch of the dungeon, and saw 3 of its levels.

You collected 54 gold pieces.

Inventory:

Hand Weapons
 a - a +1 hunting sling
 b - a +0 short sword (weapon)
Missiles
 d - 65 sling bullets
 e - 44 stones (quivered)
 g - 8 poisoned darts
Armour
 k - a +0 ring mail (worn)
 l - a +0 pair of gloves (worn)
Scrolls
 f - a scroll of teleportation {unknown}
 h - a scroll of summoning {unknown}
 m - 3 scrolls of identify {unknown}
 n - a scroll of enchant weapon {unknown}
 o - a scroll of fog {unknown}
Potions
 c - a potion of heal wounds {unknown}
 i - 2 potions of mutation {unknown}
 j - a potion of brilliance {unknown}


   Skills:
 - Level 2.4 Fighting
 * Level 5.2 Slings
 + Level 2.9 Dodging
 + Level 1.6 Stealth


You had 2 spell levels left.
You didn't know any spells.
Your spell library was empty.

Dungeon Overview and Level Annotations

Branches:
Dungeon (3/15)

Altars:

Shops:
D:2 (


Innate Abilities, Weirdness & Mutations

You have a pair of horns on your head.
You reflexively headbutt those who attack you in melee.


Message History

Done exploring.
Done exploring.
Done exploring.
You enter the shallow water.
Moving in this stuff is going to be slow.
There is an open door here.
There is an open door here.
There is an open door here.
There is a stone staircase leading down here.
You climb downwards.
Found a scroll labelled XAESOIPSI.
There is a stone staircase leading up here.
You climb upwards.
There is a stone staircase leading down here.
There is a stone staircase leading down here.
You climb downwards.
The gnoll shouts! x4
There is a stone staircase leading up here.
The gnoll hits you from afar with a +0 spear.
The gnoll hits you from afar with a +0 spear.
The gnoll closely misses you. The gnoll hits you with a +0 flail!
You climb upwards.
There is a stone staircase leading down here.
You are too injured to fight recklessly!
You are too injured to fight recklessly!
You are too injured to fight recklessly!
You hit the gnoll but do no damage. Your headbutt misses the gnoll.
The gnoll hits you but does no damage.
You hit the gnoll. You headbutt the gnoll.
The gnoll is heavily wounded.
The gnoll hits you with a +0 flail!
* * * LOW HITPOINT WARNING * * *
You closely miss the gnoll. Your headbutt misses the gnoll.
The gnoll is heavily wounded.
The gnoll hits you with a +0 flail.
* * * LOW HITPOINT WARNING * * *
You hit the gnoll.
The gnoll is almost dead.
The gnoll hits you with a +0 flail.
You die...

## #.# #...####.##... .# #.#
###.## #.##... ## #.# #...#
#.###.. # #.# #.### #.####. # #.#
#.### #...... #.######### #...#
######. # ##.........# #.#.## ##'
## #.........####....##### ##..
.## #........##@.##...##.>###...
..## #...#..>###.g.#...#...##....
...####...#.#####..#...#..##.....
...+..........÷.###.....###+.....
...####...#.###..................
..## #..##.###......⌠......#....
.## #.....................##...
## ###'###.#######.....#######..
# #≈≈≈≈≈#.# ##.'#...#..## ##'


You could see a gnoll.

Vanquished Creatures
  An adder (D:2)
  A worm (D:2)
  2 dart slugs
  3 endoplasms
  A giant cockroach (D:2)
  A goblin (D:2)
  A hobgoblin (D:2)
  4 jackals (D:1)
  2 quokkas (D:1)
  3 ball pythons
  6 bats
  3 frilled lizards (D:1)
  5 kobolds
  4 rats
37 creatures vanquished.

Notes
Turn   | Place    | Note
-------+----------+-------------------------------------------
     0 | D:1      | YayAnonymity the Minotaur Hunter began the quest for the
                  | Orb.
     0 | D:1      | Reached XP level 1. HP: 18/18 MP: 0/0
    29 | D:1      | Reached skill level 1 in Stealth
   105 | D:1      | Reached XP level 2. HP: 25/25 MP: 1/1
   486 | D:1      | Found a faded altar of an unknown god.
   638 | D:1      | Reached skill level 5 in Slings
   822 | D:2      | Reached XP level 3. HP: 27/30 MP: 2/2
  1544 | D:2      | Found Soanacw's Antique Weapon Boutique.
  1739 | D:2      | Slain by a gnoll

Illustrated notes

Levels and vault maps discovered:
D:1:      dpeg_arrival_long_road, layout_basic,
          hellmonk_ecumenical_altar_arch_garden
D:2:      layout_loops_corners, serial_shops, nicolae_shop_window_shopping,
          minmay_misc_feat_roman, grunt_ministairs_6,
          chequers_serial_rivers_small_a, chequers_serial_rivers_room_b
D:3:      layout_rooms, uniq_jessica

Skill      XL: |  1  2 |
---------------+-------+-----
Stealth        | 1 |  1.6
Slings         | 5 |  5.2
Fighting       | |  2.4
Dodging        | |  2.9

Action                   || total
-------------------------++-------
Melee: Short sword       ||    52
       Headbutt          ||    10
       Punch             ||     1
 Fire: Hunting sling     ||    40
Armor: Leather armour    ||    13
       Ring mail         ||     7
Dodge: Dodged            ||    40

Table legend: (Time is in decaauts)
 A = Elapsed time spent in this place.
 B = Non-inter-level travel time spent in this place.
 C = Inter-level travel time spent in this place.
 D = Time resting spent in this place.
 E = Time spent auto-exploring this place.
 F = Levels seen in this place.
 G = Mean time per level.
                   A        B        C        D        E       F      G
               +--------+--------+--------+--------+--------+-----+--------+
         Total |   1739 |   1651 |     88 |      0 |   1377 |   3 |  579.7 |
       Dungeon |   1739 |   1651 |     88 |      0 |   1377 |   3 |  579.7 |
               +--------+--------+--------+--------+--------+-----+--------+

Top non-repeatable levels by time:
     D:2: 944 daAuts
     D:1: 789 daAuts
     D:3: 5 daAuts
